Map: Orbital Shipyard

Players

LilDicky - Winner!

  • Race: Terran Terran
  • League: Platinum

Alien

  • Race: Terran Terran
  • League: Silver

VOD

http://www.twitch.tv/tumescentpie

Description

Time

  • Played on: Nov. 20, 2015, 8:41 p.m.
  • Length: 14:06
Show
View Real Time Build Order
Export as new Build Order

LilDicky Terran - Winner!

Build Orders: Command Center First (CC), MMM Bio 

Get SALT Encoding   

  12  0:01  SCV  
  13  0:13  SCV  
  14  0:18  Supply Depot  
  14  0:26  SCV  
  15  0:39  SCV  
  16  0:51  SCV  
  17  1:03  SCV  
  18  1:10  Command Center  
  18  1:15  Barracks  
  18  1:18  SCV  
  19  1:31  SCV  
  20  1:33  Refinery  
  20  1:43  SCV  
  21  1:58  SCV  
  22  2:02  Marine  
  22  2:04  Supply Depot  
  22  2:08  Refinery  
  23  2:10  Orbital Command  
  23  2:23  Barracks  
  23  2:25  Barracks  
  23  2:28  Marine  
  24  2:36  Orbital Command  
  24  2:38  SCV  
  25  2:58  Supply Depot  
  25  3:01  Barracks Reactor  
  25  3:05  SCV  
  26  3:06  SCV  
  26  3:12  Engineering Bay  
  27  3:13  Barracks Tech Lab x2  
  27  3:17  SCV  
  27  3:18  SCV  
  29  3:29  SCV  
  29  3:30  SCV  
  31  3:36  Marine  
  31  3:37  Marine  
  31  3:38  Combat Shields, Stimpack  
  31  3:39  Marine x2  
  35  3:41  SCV  
  35  3:42  SCV  
  37  3:54  Marine  
  38  3:55  Missile Turret  
  38  3:56  Marine  
  38  3:57  SCV  
  38  3:58  SCV, Marine  
  38  3:59  Marine  
  43  4:12  Marine  
  43  4:14  Marine  
  43  4:16  Marine  
  46  4:18  SCV x2  
  48  4:26  Missile Turret  
  48  4:29  Marine  
  48  4:30  SCV x2, Marine  
  52  4:31  Marine  
  52  4:34  Factory  
  53  4:42  SCV  
  54  4:50  SCV, Marine  
  54  4:51  Supply Depot  
  54  4:52  Missile Turret  
  56  4:54  Terran Infantry Weapons Level 1, SCV  
  56  4:56  Marine x2  
  56  4:57  Concussive Shells  
  61  5:13  SCV  
  61  5:14  SCV  
  64  5:15  Supply Depot  
  64  5:20  Command Center, Marine x3  
  64  5:25  SCV  
  64  5:26  SCV, Factory Reactor  
  66  5:29  Starport  
  66  5:32  Marine  
  67  5:38  Refinery, Marine  
  67  5:39  Supply Depot  
  68  5:43  Supply Depot  
  68  5:48  SCV x2, Marine x2  
  72  5:54  Marauder  
  74  6:00  SCV x2  
  76  6:04  Refinery, Marine  
  77  6:12  SCV x2  
  77  6:13  Marine  
  77  6:14  Factory Tech Lab, Marauder  
  77  6:16  Medivac, Marauder  
  86  6:19  Medivac  
  86  6:24  SCV  
  89  6:26  Supply Depot  
  89  6:29  Supply Depot  
  89  6:32  Armory  
  89  6:37  Marine  
  89  6:38  Engineering Bay, Marine  
  89  6:39  Marine  
  92  6:44  Orbital Command  
  92  6:47  SCV  
  92  6:48  SCV, Terran Infantry Armor Level 1  
  94  6:54  Siege Tank  
  94  6:56  Medivac  
  94  6:59  SCV  
  100  7:03  SCV  
  100  7:04  Marine x2  
  100  7:05  Marauder  
  100  7:08  Supply Depot  
  105  7:11  SCV  
  106  7:16  SCV, Barracks  
  106  7:17  Marine  
  106  7:18  Barracks  
  106  7:21  Medivac  
  110  7:26  Marine, Medivac  
  110  7:27  Marauder, Marine  
  116  7:35  Siege Tank, Marine  
  116  7:36  SCV  
  121  7:37  SCV  
  121  7:39  SCV  
  123  7:44  Marine x2  
  123  7:49  Marauder  
  127  7:53  Marine  
  128  8:02  Marine  
  109  8:13  Marine  
  109  8:14  Marauder x2  
  109  8:15  Medivac x2  
  109  8:16  SCV x2  
  121  8:20  Barracks Reactor, Marine  
  121  8:21  Barracks Reactor  
  121  8:27  Terran Infantry Weapons Level 2  
  121  8:28  Barracks x3  
  121  8:29  SCV x2  
  121  8:30  Marine  
  121  8:33  Refinery  
  124  8:35  Marauder x2  
  124  8:38  Marine  
  129  8:48  Marine  
  129  8:53  Supply Depot  
  129  8:54  Terran Infantry Armor Level 2  
  129  8:55  Command Center, SCV  
  131  8:56  Marauder  
  131  8:59  Supply Depot  
  131  9:01  Terran Vehicle And Ship Armor Level 1  
  133  9:05  Refinery  
  133  9:12  Supply Depot  
  133  9:15  Marauder, Marine x4  
  133  9:16  Marine x2  
  141  9:17  Supply Depot  
  141  9:18  Supply Depot x2  
  141  9:21  Marauder  
  143  9:33  Marine  
  143  9:34  Marine x2  
  143  9:37  Marauder  
  148  9:41  Supply Depot  
  148  9:42  Supply Depot, Marauder  
  148  9:44  Missile Turret  
  150  9:45  Barracks Tech Lab  
  150  9:46  Barracks Tech Lab  
  150  9:47  Barracks Reactor  
  150  9:48  Missile Turret, Marine x2  
  150  9:50  SCV  
  153  9:55  Barracks x2  
  153  9:57  Barracks  
  153  9:58  Marauder  
  153  9:59  Missile Turret  
  155  10:00  Missile Turret, Marine  
  155  10:01  Supply Depot x2  
  155  10:03  Supply Depot, Marauder  
  158  10:10  Marine x2  
  158  10:11  Marauder  
  162  10:19  Marauder  
  164  10:22  Missile Turret  
  164  10:25  Marauder  
  166  10:33  Missile Turret  
  166  10:34  Missile Turret  
  166  10:39  Missile Turret  
  166  10:41  Marauder  
  168  10:42  Missile Turret  
  168  10:43  Planetary Fortress  
  168  10:45  Missile Turret x2  
  168  10:46  Marauder  
  170  10:51  Command Center  
  170  11:02  Marauder  
  172  11:08  Marauder  
  172  11:10  Missile Turret  
  174  11:13  SCV x3  
  174  11:15  Marine x3  
  174  11:16  Marauder x2, Marine x2  
  174  11:17  Missile Turret, Medivac x2  
  190  11:19  Missile Turret, Marine  
  190  11:20  Marine x2  
  190  11:21  Supply Depot  
  190  11:22  Missile Turret  
  190  11:24  Terran Infantry Weapons Level 3, Marauder  
  195  11:27  Terran Infantry Armor Level 3  
  195  11:29  Marine  
  196  11:33  Missile Turret, Marine  
  192  12:02  Hellbat x2  
  192  12:03  Corvid Reactor, Raven  
  194  12:10  Planetary Fortress  
  194  12:12  Missile Turret  
  194  12:16  Missile Turret  
  194  12:28  Missile Turret  
  194  12:33  Refinery  
  194  12:35  Marine x2  
  194  12:36  Refinery, Marauder x2  
  200  12:38  Barracks Reactor x2  
  200  12:39  Barracks Tech Lab  
  200  12:50  Refinery x2  
  197  13:17  Command Center  
  197  13:18  Command Center  
  197  13:20  Command Center  
  197  13:21  Command Center  
  170  13:42  Marine x6  
  170  13:43  Marauder x2  
  170  13:48  Marine x2  
Show
View Real Time Build Order
Export as new Build Order

Alien Terran 

Build Orders: MMM Bio 

Get SALT Encoding   

  12  0:01  SCV  
  13  0:15  Supply Depot  
  13  0:18  SCV  
  14  0:25  Refinery  
  14  0:31  SCV  
  15  0:45  Barracks  
  15  0:51  SCV  
  16  1:03  SCV  
  17  1:17  Barracks  
  17  1:26  Barracks  
  17  1:33  Marine  
  18  1:46  Bunker  
  18  1:53  Barracks Reactor  
  18  2:01  Orbital Command  
  18  2:12  Marine  
  18  2:14  Barracks Tech Lab  
  19  2:26  Supply Depot  
  19  2:33  SCV  
  19  2:34  Marine x2  
  22  2:38  Marine  
  23  2:47  Marine  
  24  2:55  Bunker  
  24  2:58  Stimpack  
  24  3:02  Marine  
  24  3:04  Marine  
  26  3:06  SCV  
  26  3:10  Marine  
  28  3:23  SCV  
  28  3:24  Factory  
  29  3:35  SCV  
  29  3:36  Engineering Bay  
  30  3:48  Marine  
  30  3:55  Supply Depot  
  31  4:16  SCV, Marine  
  35  4:17  Marauder  
  35  4:26  Terran Infantry Weapons Level 1  
  35  4:29  SCV  
  35  4:31  Command Center  
  36  4:34  Marine  
  36  4:42  Factory Tech Lab  
  36  4:45  Factory Reactor  
  36  4:51  Starport  
  36  4:54  Refinery  
  36  4:55  Marauder  
  36  4:57  SCV  
  39  5:04  Combat Shields  
  39  5:26  Missile Turret  
  39  5:30  Starport Tech Lab  
  39  5:35  Missile Turret  
  39  5:42  SCV, Widow Mine  
  42  5:44  Supply Depot  
  42  5:47  Widow Mine  
  44  5:54  Orbital Command  
  44  5:58  Marine  
  45  6:05  Banshee  
  45  6:08  SCV  
  49  6:13  Widow Mine  
  51  6:20  SCV  
  51  6:23  Supply Depot  
  52  6:35  Cloaking Field  
  52  6:41  SCV, Starport  
  52  6:45  Terran Infantry Armor Level 1  
  52  6:46  Marine  
  52  6:47  Marine  
  54  6:54  SCV  
  56  6:55  SCV  
  57  7:07  SCV x2, Marine  
  57  7:08  Marine  
  61  7:09  Marauder  
  61  7:10  Widow Mine  
  61  7:11  Widow Mine  
  67  7:19  SCV  
  68  7:44  SCV  
  69  7:45  Refinery  
  69  7:50  Supply Depot, Starport Reactor  
  69  7:57  Orbital Command  
  70  8:01  Medivac  
  52  8:34  Widow Mine x2  
  52  8:35  Medivac  
  52  8:36  Medivac  
  52  8:37  Banshee  
  63  8:44  SCV x2  
  65  8:50  Marine  
  65  8:51  Supply Depot, Marine x2, Marauder  
  70  9:05  Command Center  
  70  9:12  Marauder  
  70  9:13  Refinery  
  70  9:16  Barracks  
  79  9:17  Medivac  
  72  9:20  Barracks  
  74  9:26  Marine x2  
  74  9:29  Barracks Reactor  
  74  9:30  Widow Mine x2  
  80  9:33  Marauder  
  82  9:42  Banshee  
  82  9:43  Marine  
  86  9:58  Supply Depot  
  86  9:59  Supply Depot x2  
  86  10:03  Supply Depot  
  86  10:15  Barracks  
  86  10:17  Marine x5  
  86  10:19  Barracks Reactor, Barracks Tech Lab, Factory  
  86  10:20  Orbital Command  
  91  10:21  SCV x2  
  91  10:27  Supply Depot, Factory Tech Lab  
  93  10:34  Marine x5  
  98  10:48  Marauder  
  100  10:50  Supply Depot  
  100  10:52  Marine x4  
  104  11:05  Orbital Command  
  104  11:06  Siege Tank  
  104  11:07  Marine x2  
  109  11:12  Armory  
  109  11:24  Marauder x2, Marine x2  
  115  11:35  Marine  
  115  11:36  Marine  
  115  11:38  Siege Tank  
  115  11:39  Banshee  
  123  11:41  Medivac  
  123  11:46  Marauder x2  
  129  11:50  Factory Tech Lab  
  129  11:59  Marine x3  
  132  12:07  Marauder x2  
  132  12:12  Marine  
  131  12:28  Marauder  
  131  12:29  Marauder  
  135  12:37  SCV  
  136  12:40  SCV x2  
  138  12:45  Marine  
  138  12:47  Siege Tank  
  138  12:48  Siege Tank  
  138  12:49  SCV  
  138  12:50  Marauder  
  148  12:58  Supply Depot, Marauder  
  148  13:01  SCV  
  147  13:11  Marauder  
  146  13:26  Engineering Bay  
  146  13:29  SCV x2  
  146  13:30  SCV  
  134  13:37  Marauder x2, Marine x3  
  52  14:01  Missile Turret  
Tags
 
Add a new tag
Caveats
  • Supply blocks, unpowered buildings, or Contaminate may cause inaccurate times.
  • Supply counts are checked every 10 seconds.